 Dungeon Crawl Stone Soup version 0.29.0-5-ge4962eb29e (webtiles) character file.

Game seed: 5276783129219961644

231 gelatine the Ogre Mage (level 6, 0/54 HPs)
             Began as an Ogre Air Elementalist on Aug 28, 2022.
             Was a Believer of Uskayaw.
             Killed by divine providence
             ... invoked by an orc priest
              (9 damage)
             ... on level 3 of the Dungeon.
             The game lasted 00:09:16 (3324 turns).

gelatine the Ogre Mage (Ogre Air Elementalist)      Turns: 3324, Time: 00:09:17

Health: 0/54       AC:  4    Str: 13    XL:     6   Next: 4%
Magic:  7/12       EV: 10    Int: 18    God:    Uskayaw [**....]
Gold:   154        SH:  0    Dex:  9    Spells: 10/13 levels left

rFire   . . .      SeeInvis .   r - +0 giant spiked club
rCold   . . .      Faith    .   (shield currently unavailable)
rNeg    . . .      Spirit   .   a - +0 robe
rPois   .          Reflect  .   (helmet restricted)
rElec   .          Harm     .   d - +0 cloak
rCorr   .          Rampage  .   (gloves unavailable)
Will    .....                   (boots unavailable)
Stlth   ++........              p - amulet of magic regeneration
HPRegen 0.18/turn               (no ring)
MPRegen 0.53/turn               (no ring)

@: attractive, very slightly contaminated
A: large, unfitting armour, tough skin 1
a: Renounce Religion, Stomp, Line Pass


You were on level 3 of the Dungeon.
You worshipped Uskayaw.
Uskayaw was noncommittal.
You visited 1 branch of the dungeon, and saw 3 of its levels.

You collected 154 gold pieces.

Inventory:

Hand Weapons
 k - a +3 dagger of venom
 m - a +0 short sword of draining
 q - a +1 dagger of freezing
 r - a +0 giant spiked club (weapon)
Missiles
 g - 6 boomerangs
Armour
 a - a +0 robe (worn)
 d - a +0 cloak (worn)
Jewellery
 p - an amulet of magic regeneration (around neck)
Wands
 l - a wand of charming (8)
Scrolls
 e - 2 scrolls of blinking {unknown}
 f - 2 scrolls of identify {unknown}
 h - a scroll of magic mapping {unknown}
 j - a scroll of enchant armour {unknown}
 o - a scroll of enchant weapon {unknown}
Potions
 b - 2 potions of magic


   Skills:
 + Level 0.6 Fighting
 + Level 0.4 Short Blades
 + Level 2.2 Dodging
 + Level 1.9 Stealth
 + Level 0.4 Unarmed Combat
 + Level 4.4 Spellcasting
 + Level 2.4 Conjurations
 + Level 3.4 Air Magic


You had 10 spell levels left.
You knew the following spells:

 Your Spells              Type           Power      Damage    Failure   Level
a - Shock                 Conj/Air       56%        1d6       4%          1
b - Static Discharge      Conj/Air       14%        3-5/arc   6%          2

Your spell library contained the following spells:

 Spells                   Type           Power      Damage    Failure   Level
 Swiftness                Air            16%        N/A       10%         3
 Airstrike                Air            8%         2d(2-18)  32%         4


Dungeon Overview and Level Annotations

Branches:
Dungeon (3/15)

Altars:
Elyvilon
Uskayaw


Innate Abilities, Weirdness & Mutations

You are too large for most types of armour.
You have tough skin. (AC +1)


Message History

Okay, then.
You feel better. Something completely misses you.
It was a potion of attraction.
You feel attractive to monsters. Something hits you but does no damage.
Casting: Static Discharge (safe; 7% risk of failure)
Confirm with . or Enter, or press ? or * to list all spells.
Something is struck by an arc of lightning.
Reactivating autopickup.
You feel a bit more experienced.
The endoplasm is struck by an arc of lightning.
You kill the endoplasm!
The orc priest is struck by an arc of lightning.
The orc priest is moderately wounded.
The lightning grounds out.
The orc priest is attracted toward you.
You can now pass through a line of other dancers.
You have reached level 6!
You feel stronger.
You stomp with the beat, sending a shockwave through the revellers around you!
The orc priest is heavily wounded.
You can no longer pass through a line of other dancers.
The orc priest closely misses you.
You can now pass through a line of other dancers.
You closely miss the orc priest.
The orc priest is heavily wounded.
The orc priest hits you with a +0 club.
* * * LOW HITPOINT WARNING * * *
The orc priest mumbles some strange prayers to Beogh against you.
You struggle to resist.
Casting: Static Discharge (safe; 6% risk of failure)
Confirm with . or Enter, or press ? or * to list all spells.
Aiming: Shock (safe; 4% risk of failure)
Press: ? - help, Shift-Dir - straight line, f - orc priest
Aim: an orc priest, wielding a +0 club (heavily wounded, 71% to hit)
You miscast Shock.
You are very lightly contaminated with residual magic.
Nothing appears to happen.
The orc priest calls down the wrath of Beogh upon you.
Beogh smites you!
You die...

..##.#._.#.#
..##.#...#.#
#.##.#####.#
...#.).....#
#.####'''### #.#.#....#
#)#.#....#
#o#......######
#@###.........# #.#
#....####.#
#.###.)#....#.#
#<....<#.##.#.#
##########..#.##.#.#
............#.##...####
###########.#.###......
#.#..###...##
#.##.........


You could see an orc priest.

Vanquished Creatures
  An ogre (D:3)
  Jessica (D:2)
  2 orc wizards (D:3)
  A worm (D:2)
  A dart slug (D:3)
  3 orcs (D:3)
  8 bats
  5 endoplasms
  2 giant cockroaches
  8 goblins
  4 hobgoblins
  8 jackals
  4 quokkas
  4 ball pythons
  A frilled lizard (D:1)
  3 kobolds
  3 rats
59 creatures vanquished.

Notes
Turn   | Place    | Note
-------+----------+-------------------------------------------
     0 | D:1      | gelatine the Ogre Air Elementalist began the quest for the
                  | Orb.
     0 | D:1      | Reached XP level 1. HP: 16/16 MP: 3/3
   549 | D:1      | Reached XP level 2. HP: 6/24 MP: 0/5
  1084 | D:1      | Reached skill level 1 in Conjurations
  1564 | D:1      | Reached XP level 3. HP: 31/31 MP: 0/7
  1567 | D:1      | Learned a level 2 spell: Static Discharge
  1936 | D:2      | Reached skill level 3 in Spellcasting
  1998 | D:2      | Found a faded altar of an unknown god.
  2016 | D:2      | Prayed at the altar of an unknown god.
  2016 | D:2      | Became a worshipper of Uskayaw the Reveller
  2016 | D:2      | Reached * piety under Uskayaw
  2057 | D:2      | Noticed Jessica
  2059 | D:2      | Reached ** piety under Uskayaw
  2063 | D:2      | Killed Jessica
  2194 | D:2      | Reached XP level 4. HP: 39/39 MP: 4/8
  3116 | D:3      | Noticed an ogre
  3123 | D:3      | Reached *** piety under Uskayaw
  3124 | D:3      | Killed an ogre
  3125 | D:3      | Reached XP level 5. HP: 40/46 MP: 6/10
  3193 | D:3      | Found a white marble altar of Elyvilon.
  3246 | D:3      | Reached skill level 4 in Spellcasting
  3318 | D:3      | HP: 2/46 [something (1)]
  3322 | D:3      | Reached XP level 6. HP: 12/54 MP: 9/12
  3324 | D:3      | Killed from afar by an orc priest

Illustrated notes

Levels and vault maps discovered:
D:1:      ebering_hopf_link, layout_loops_corners,
          nicolae_concentric_dashed_squares_wild, chequers_avenue,
          minmay_surrounded
D:2:      layout_basic, ebering_ecumenical_altar_sacrificial, uniq_jessica
D:3:      layout_basic, gammafunk_temple_overflow_elements,
          mainiacjoe_overflow_alcove_4

Skill      XL: |  1  2  3  4  5 |
---------------+----------------+-----
Dodging        | 2 |  2.2
Conjurations   | 1 2 |  2.4
Spellcasting   | 3 4 |  4.4
Air Magic      | 3 |  3.4
Fighting       | |  0.6
Short Blades   | |  0.4
Stealth        | |  1.9
Unarmed Combat | |  0.4

Action                   |  1- 3 |  4- 6 || total
-------------------------+-------+-------++-------
Melee: Unarmed           |    10 |       ||    10
       Short sword       |    22 |       ||    22
       Dagger            |       |     4 ||     4
       Giant spiked club |       |    17 ||    17
 Cast: Shock             |    52 |    53 ||   105
       Static Discharge  |       |     9 ||     9
Invok: Stomp             |       |     1 ||     1
  Use: Potion            |       |     6 ||     6
 Stab: Paralysed         |       |     1 ||     1
Armor: Robe              |    14 |    15 ||    29
Dodge: Dodged            |    14 |    15 ||    29
